 Dungeon Crawl Stone Soup version 0.27-a0-416-gca2cecf3c0 (webtiles) character file.

Game seed: 12138156428187076760

11769 Gaff the Covert (level 11, -10/74 HPs)
             Began as a Vampire Brigand on Feb 25, 2021.
             Was a Believer of Hepliaklqana.
             Killed from afar by an ice statue (23 damage)
             ... with a shard of ice
             ... in an ice cave on Feb 26, 2021.
             The game lasted 01:22:40 (12964 turns).

Gaff the Covert (Vampire Brigand)                  Turns: 12964, Time: 01:22:41

Health: -10/74     AC: 14    Str: 15    XL:     11   Next: 53%
Magic:  11/11      EV: 25    Int: 13    God:    Hepliaklqana [**....]
Gold:   431        SH:  5    Dex: 23    Spells: 10/10 levels left

rFire    + . .     SeeInvis +   b - +2 dagger (venom)
rCold    + + .     Faith    .   (no shield)
rNeg     . . .     Spirit   .   v - +0 leather armour
rPois    .         Reflect  +   (no helmet)
rElec    .         Harm     .   O - scarf {rC+ rF+}
rCorr    .         Rampage  .   c - +2 pair of gloves {Str+3}
Will     +....                  y - +2 pair of boots
Stlth    ++++++....             D - amulet of the Frog {Reflect rC+ Str+2 Dex+3 SH+5}
HPRegen  0.42/turn              C - +4 ring of protection
MPRegen  0.12/turn              E - +4 ring of evasion

@: regenerating quickly
A: reduced essence, fangs 3, see invisible, unbreathing
a: Exsanguinate, Renounce Religion, Ancestor Life: Knight, Ancestor Life:
Battlemage, Ancestor Life: Hexer, Recall Ancestor, Ancestor Identity


You were in an ice cave.
You worshipped Hepliaklqana.
Hepliaklqana was pleased with you.
You visited 3 branches of the dungeon, and saw 12 of its levels.
You also visited: Sewer and Ice Cave.

You collected 689 gold pieces.
You spent 258 gold pieces at shops.

Inventory:

Hand Weapons
 b - a +2 dagger of venom (weapon)
 u - a +0 dagger of flaming
 J - a +1 great sword of protection
Missiles
 d - 68 poisoned darts (quivered)
 e - 4 curare-tipped darts
 f - 426 stones
 i - 83 sling bullets
 o - 16 boomerangs
 B - 38 bolts
 F - 8 atropa-tipped darts
 H - a throwing net
Armour
 c - a +2 pair of gloves of strength (worn)
 v - a +0 leather armour (worn)
 y - a +2 pair of boots (worn)
 O - a scarf of resistance (worn)
 W - a +0 robe of positive energy
Magical Staves
 A - a staff of cold
 T - a staff of fire
Jewellery
 a - a ring of willpower
 C - a +4 ring of protection (left hand)
 D - the amulet of the Frog (around neck) {Reflect rC+ Str+2 Dex+3 SH+5}
   (You acquired it on level 10 of the Dungeon)

   [amulet of reflection]

   It shields you and reflects attacks.
   It affects your strength (+2).
   It affects your dexterity (+3).
   It protects you from cold.
   It affects your SH (+5).
 E - a +4 ring of evasion (right hand)
 N - an amulet of regeneration
 V - an amulet of guardian spirit
Wands
 t - a wand of polymorph (10)
 I - a wand of iceblast (10)
 K - a wand of charming (19)
 R - a wand of digging (5)
 U - a wand of paralysis (3)
Scrolls
 h - a scroll of magic mapping
 k - 3 scrolls of fog {unknown}
 l - 3 scrolls of noise {unknown}
 m - 2 scrolls of amnesia {unknown}
 p - 7 scrolls of teleportation {unknown}
 G - 2 scrolls of enchant armour {unknown}
 L - a scroll of immolation
 M - a scroll of enchant weapon
 Q - 2 scrolls of identify
Potions
 g - 4 potions of berserk rage
 j - 9 potions of curing
 n - 4 potions of lignification
 q - 2 potions of degeneration {unknown}
 r - 5 potions of flight
 s - 3 potions of haste
 w - 3 potions of brilliance
 x - a potion of heal wounds
 z - a potion of mutation


   Skills:
 + Level 6.5 Fighting
 + Level 10.3 Short Blades
 + Level 4.1 Throwing
 - Level 5.0 Armour
 + Level 9.7 Dodging
 + Level 13.5 Stealth
 + Level 1.8 Shields


You had 10 spell levels left.
You didn't know any spells.
Your spell library contained the following spells:

 Spells                   Type           Power        Failure   Level
 Animate Armour           Summ/Erth      0%           98%         4
 Leda's Liquefaction      Hex/Erth       0%           98%         4
 Bolt of Magma            Conj/Fire/Erth 0%           100%        5
 Iron Shot                Conj/Erth      0%           100%        6
 Statue Form              Tmut/Erth      0%           100%        6
 Shatter                  Erth           0%           100%        9


Dungeon Overview and Level Annotations

Branches:
Dungeon (10/15)            Temple (1/1) D:7            Lair (1/6) D:10
    Orc (0/2) D:9           Sewer (visited)           IceCv (1/1)

Altars:
Ashenzari
Cheibriados
Dithmenos
Elyvilon
Fedhas
Gozag
Hepliaklqana
Kikubaaqudgha
Makhleb
Nemelex Xobeh
Okawaru
Qazlal
Ru
Sif Muna
Trog
Uskayaw
Vehumet
Wu Jian
Xom
Yredelemnul
Zin
The Shining One

Shops:
D:8 [

Annotations:
IceCv 1 transporter, exclusion: 2 ice statues


Innate Abilities, Weirdness & Mutations

Your natural rate of healing is unusually fast.
You have razor-sharp teeth.
You have supernaturally acute eyesight. (SInv)
You can survive without breathing.
Your life essence is reduced to manifest your ancestor. (-10% HP)


Message History

The ice statue gestures.
You block the ice beast's attack. The ice beast closely misses you.
You hit the ice beast but do no damage.
The ice beast is poisoned.
The ice beast completely misses you. The ice beast misses you.
You hit the ice beast but do no damage.
The ice beast is lightly wounded.
The ice beast hits you. The ice beast freezes you. You resist.
The ice statue gestures at you.
The freezing blast engulfs the ice beast.
The ice beast completely resists.
You are engulfed in freezing vapours.
You resist. The ice beast misses you. You block the ice beast's attack.
You are engulfed in freezing vapours.
You resist.
The ice beast hits you but does no damage.
The ice statue gestures at you. The bolt of cold hits you. You resist.
* * * LOW HITPOINT WARNING * * *
Blink to where?
Press: ? - help, Dir - move target
As you read the scroll of blinking, it crumbles to dust.
The ice statue gestures at you. The freezing blast misses you.
You hit the ice statue.
The ice statue is lightly damaged.
You are engulfed in freezing vapours.
You resist.
* * * LOW HITPOINT WARNING * * *
You hit the ice statue but do no damage.
The ice statue is lightly damaged.
You are engulfed in freezing vapours.
You resist.
* * * LOW HITPOINT WARNING * * *
You hit the ice statue.
The ice statue is lightly damaged.
You are engulfed in freezing vapours.
You resist.
* * * LOW HITPOINT WARNING * * *
You are engulfed in freezing vapours.
You resist.
* * * LOW HITPOINT WARNING * * *
The ice statue gestures at you. The shard of ice hits you!!
You partially resist.
You die...

#######
##.....##
##...∩...##
##..Y......##
#.....©.....#
#.°.YY......#
#...Y.Y○☼°..##
#..°..Y.§○°...#
#....8..☼8@...#
#......[..○...#
##....?.(....##
#...8.).8...#
##...?©$...##
###########


You could see 2 ice statues and 6 ice beasts.

Vanquished Creatures
  Snorg (D:10)
  A two-headed ogre (D:10)
  Urug (D:10)
  2 ugly things (IceCv)
  A centaur skeleton (D:10)
  A komodo dragon (D:6)
  Grinder (D:5)
  2 yaks (D:9)
  A water moccasin (Lair:1)
  7 ice beasts
  5 orc warriors
  3 sky beasts
  A black bear (D:6)
  A necrophage (D:8)
  4 ogres
  5 centaurs
  2 phantoms
  2 kobold brigands
  10 bullfrogs
  A gnoll sergeant (D:5)
  3 scorpions
  A water moccasin skeleton (D:4)
  6 killer bees
  7 wights
  3 howler monkeys
  2 vampire bats (D:10)
  A centaur zombie (D:7)
  A jelly (D:9)
  A quasit (D:10)
  4 hounds
  A gnoll shaman (D:5)
  6 orc priests
  A bullfrog skeleton (D:4)
  5 iguanas
  Jessica (D:2)
  6 orc wizards
  5 worker ants
  A hound zombie (D:5)
  A hound skeleton (D:5)
  A worker ant zombie (D:5)
  15 gnolls
  17 adders
  2 shadow imps (D:5)
  14 white imps
  An ufetubus (D:10)
  An ooze (D:1)
  2 adder zombies
  An adder skeleton (D:5)
  A worm (D:4)
  A dart slug (D:1)
  5 leopard geckos
  31 orcs
  8 giant cockroaches
  10 goblins
  16 hobgoblins
  8 jackals
  8 quokkas
  2 ball pythons
  12 bats
  5 frilled lizards
  19 kobolds
  A leopard gecko skeleton (D:4)
  14 rats
303 creatures vanquished.

Vanquished Creatures (collateral kills)
  Erolcha (D:10)
  A troll (D:9)
  A yak (D:9)
  A steam dragon (D:8)
  A water moccasin (D:9)
  2 sky beasts
  An orc warrior (D:9)
  An ice beast (D:9)
  2 centaurs (D:8)
  A kobold brigand (D:8)
  2 killer bees (D:8)
  A gnoll shaman (D:9)
  2 orc priests (D:9)
  An orc wizard (D:9)
  2 gnolls
  2 white imps
  7 orcs
  2 kobolds
  A bat (D:10)
32 creatures vanquished.

Vanquished Creatures (others)
  12 ancestors
12 creatures vanquished.

Grand Total: 347 creatures vanquished

Notes
Turn   | Place    | Note
-------+----------+-------------------------------------------
     0 | D:1      | Gaff the Vampire Brigand began the quest for the Orb.
     0 | D:1      | Reached XP level 1. HP: 16/16 MP: 1/1
   120 | D:1      | Reached skill level 6 in Stealth
   208 | D:1      | Reached XP level 2. HP: 22/22 MP: 2/2
   858 | D:2      | Reached skill level 7 in Stealth
   874 | D:2      | Reached XP level 3. HP: 27/27 MP: 3/3
   899 | D:2      | Noticed Jessica
   904 | D:2      | Killed Jessica
  1150 | D:2      | Reached XP level 4. HP: 33/33 MP: 4/4
  1335 | D:2      | Reached skill level 8 in Stealth
  1755 | D:3      | Reached XP level 5. HP: 32/38 MP: 5/5
  2425 | D:4      | Reached skill level 9 in Stealth
  2433 | D:4      | Reached XP level 6. HP: 26/44 MP: 6/6
  2616 | D:4      | Found a glowing drain.
  2704 | Sewer    | Entered a sewer
  2707 | Sewer    | Reached skill level 1 in Armour
  2992 | Sewer    | Found a white marble altar of Elyvilon.
  3661 | D:4      | Reached XP level 7. HP: 51/51 MP: 7/7
  3746 | D:4      | Found a glowing silver altar of Zin.
  3880 | D:4      | Found a stormy altar of Qazlal.
  4177 | D:5      | Entered Level 5 of the Dungeon
  4177 | D:5      | Noticed Grinder
  4399 | D:5      | Killed Grinder
  4400 | D:5      | Reached skill level 5 in Short Blades
  4480 | D:5      | Reached XP level 8. HP: 55/58 MP: 8/8
  5380 | D:5      | Reached skill level 10 in Stealth
  5624 | D:5      | Found an iron altar of Okawaru.
  5793 | D:6      | Noticed a komodo dragon
  5796 | D:6      | Killed a komodo dragon
  5920 | D:5      | Reached skill level 5 in Dodging
  5976 | D:6      | Identified a crude ring mail
  6087 | D:6      | Reached XP level 9. HP: 65/65 MP: 9/9
  6655 | D:8      | Reached skill level 11 in Stealth
  7671 | D:7      | Found a staircase to the Ecumenical Temple.
  7700 | Temple   | Entered the Ecumenical Temple
  7920 | Temple   | Became a worshipper of Hepliaklqana the Forgotten
  8906 | D:8      | Found a radiant altar of Vehumet.
  9082 | D:8      | Noticed a two-headed ogre
  9137 | D:8      | Reached XP level 10. HP: 58/65 MP: 7/10
  9490 | D:8      | Found Toivoufu's Armour Shop.
  9508 | D:8      | Bought a +2 pair of gloves of strength for 258 gold pieces
  9520 | D:8      | Reached * piety under Hepliaklqana
  9754 | D:8      | Reached skill level 5 in Fighting
 10634 | D:9      | Found a staircase to the Orcish Mines.
 11064 | D:9      | Reached skill level 12 in Stealth
 11306 | D:10     | Entered Level 10 of the Dungeon
 11307 | D:10     | Noticed Erolcha
 11376 | D:10     | Noticed Snorg
 11406 | D:10     | Killed Snorg
 11407 | D:10     | Reached skill level 5 in Armour
 11529 | D:10     | Reached ** piety under Hepliaklqana
 11583 | D:10     | Identified a scroll of acquirement
 11585 | D:10     | Acquired the amulet of the Frog {Reflect rC+ Str+2 Dex+3
                  | SH+5}
 11601 | D:10     | Noticed a two-headed ogre
 11635 | D:10     | Killed a two-headed ogre
 11636 | D:10     | Reached XP level 11. HP: 72/72 MP: 11/11
 11749 | D:10     | Killed Erolcha
 11750 | D:10     | Reached skill level 10 in Short Blades
 11750 | D:10     | Reached skill level 13 in Stealth
 11776 | D:10     | Found a staircase to the Lair.
 11801 | D:10     | Noticed Urug
 11806 | D:10     | Paralysed by Urug for 2 turns
 11823 | D:10     | Paralysed by Urug for 4 turns
 12123 | D:10     | Killed Urug
 12407 | Lair:1   | Entered Level 1 of the Lair of Beasts
 12475 | Lair:1   | Found a frozen archway.
 12489 | Lair:1   | Reached skill level 1 in Shields
 12564 | IceCv    | Entered an ice cave
 12564 | IceCv    | Noticed a white ugly thing
 12620 | IceCv    | Killed a white ugly thing
 12645 | IceCv    | Found a transporter.
 12902 | IceCv    | Noticed a white ugly thing
 12903 | IceCv    | Found a transporter.
 12905 | IceCv    | Killed a white ugly thing
 12964 | IceCv    | Killed from afar by an ice statue

Illustrated notes

Levels and vault maps discovered:
D:1:      nagdon_arrival_double_spiral, layout_basic
D:2:      layout_loops_corners, st_stairs_7, guppyfry_early_orc_mine,
          uniq_jessica
D:3:      layout_rooms
D:4:      layout_basic, nicolae_qazlal_general_emergency,
          general_overflow_altar, gup_sewer_entry_glass
D:5:      layout_cave_pods, grunt_ministairs_1, minmay_tree_intersection,
          okawaru_altar_gauntlet_db, uniq_grinder
D:6:      layout_rooms, minmay_fractal_squares_gapless_5
D:7:      layout_cave_pools, minmay_temple_entry_statues_fountains
D:8:      layout_loops_cross, serial_shops, shop, lemuel_centaur_altar
D:9:      layout_gridville, david_orc_4
D:10:     layout_roguey, lair_entry_dummy, serial_glass, glass_columns_b,
          glass_columns_b, glass_columns_a, glass_columns_c, roderic_batcave,
          uniq_snorg, uniq_erolcha, uniq_urug
Temple:   regret_index_temple_chain_breaker
Lair:1:   layout_regular_city, portal_ice_cave_entry_imps,
          grunt_forest_small_clearing_treed, grunt_megastairs_5,
          uniq_prince_ribbit2
IceCv:    ice_cave_statue_garden_transporter

Skill      XL: |  1  2  3  4  5  6  7  8  9 10 11 |
---------------+----------------------------------+-----
Stealth        | 6 7 8 9 10 11 12 13 | 13.5
Fighting       | 2 3 4 5 6 |  6.5
Short Blades   | 3 4 5 6 7 9 10 | 10.3
Dodging        | 2 4 5 7 8 9 |  9.7
Armour         | 1 2 3 4 5 |  5.0
Throwing       | 2 3 4 |  4.1
Shields        | 1 |  1.8

Action                   |  1- 3 |  4- 6 |  7- 9 | 10-12 || total
-------------------------+-------+-------+-------+-------++-------
Melee: Dagger            |    65 |   323 |   919 |   687 ||  1994
       Bite              |     5 |    36 |   128 |   110 ||   279
Throw: Stone             |     7 |       |       |       ||     7
       Boomerang         |     4 |     6 |    48 |       ||    58
       Dart              |       |     6 |       |     5 ||    11
Evoke: Wand              |       |       |       |     1 ||     1
  Use: Potion            |       |     2 |     2 |     2 ||     6
       Scroll            |       |       |     6 |     9 ||    15
 Stab: Sleeping          |    18 |    14 |    19 |    12 ||    63
       Distracted        |       |     1 |     2 |     1 ||     4
Armor: Robe              |    11 |    11 |       |       ||    22
       Leather armour    |       |    61 |   144 |    95 ||   300
Dodge: Dodged            |    32 |   147 |   607 |   568 ||  1354
Block: Other             |       |       |       |    60 ||    60
       Reflection        |       |       |       |     1 ||     1

Table legend: (Time is in decaauts)
 A = Elapsed time spent in this place.
 B = Non-inter-level travel time spent in this place.
 C = Inter-level travel time spent in this place.
 D = Time resting spent in this place.
 E = Time spent auto-exploring this place.
 F = Levels seen in this place.
 G = Mean time per level.
                   A        B        C        D        E       F      G
               +--------+--------+--------+--------+--------+-----+--------+
         Total |  12405 |  12008 |    397 |   2027 |   3532 |  14 |  886.1 |
       Dungeon |  11167 |  10781 |    386 |   1773 |   3358 |  10 | 1116.7 |
        Temple |    251 |    240 |     11 |      0 |    174 |   1 |  251.0 |
          Lair |    117 |    117 |      0 |      1 |      0 |   1 |  117.0 |
         Sewer |    541 |    541 |      0 |     74 |      0 |   1 |  541.0 |
      Ice Cave |    327 |    327 |      0 |    178 |      0 |   1 |  327.0 |
               +--------+--------+--------+--------+--------+-----+--------+

Top non-repeatable levels by time:
     D:8: 1953 daAuts
     D:5: 1384 daAuts
     D:4: 1318 daAuts
     D:9: 1202 daAuts
     D:7: 1145 daAuts
     D:2: 979 daAuts
    D:10: 877 daAuts
     D:6: 813 daAuts
     D:3: 765 daAuts
     D:1: 727 daAuts
   Sewer: 541 daAuts
   IceCv: 327 daAuts
  Temple: 251 daAuts
  Lair:1: 117 daAuts
